 Dungeon Crawl Stone Soup version 0.27.1-33-g824d729ab1 (webtiles) character file.

Game seed: 2538406137796194746

30 pkoi the Ruffian (level 3, 0/29 HPs)
             Began as a Draconian Gladiator on Dec 13, 2021.
             Slain by Terence (8 damage)
             ... on level 2 of the Dungeon.
             The game lasted 00:00:49 (1067 turns).

pkoi the Ruffian (Draconian Gladiator)              Turns: 1067, Time: 00:00:50

Health: 0/29       AC:  5    Str: 16    XL:     3   Next: 5%
Magic:  3/3        EV: 12    Int:  9    God:
Gold:   123        SH:  0    Dex: 12    Spells: 2/2 levels left

rFire    . . .     SeeInvis .     - Unarmed
rCold    . . .     Faith    .   (no shield)
rNeg     . . .     Spirit   .   (armour unavailable)
rPois    .         Reflect  .   a - +0 hat
rElec    .         Harm     .   (no cloak)
rCorr    .         Rampage  .   (no gloves)
Will     .....                  (no boots)
Stlth    +.........             (no amulet)
HPRegen  0.09/turn              (no ring)
MPRegen  0.08/turn              (no ring)

@: no status effects
A: AC +5, unfitting armour, cold-blooded
a: no special abilities


You were on level 2 of the Dungeon.
You visited 1 branch of the dungeon, and saw 2 of its levels.

You collected 123 gold pieces.

Inventory:

Missiles
 b - 3 throwing nets (quivered)
 f - 3 boomerangs
Armour
 a - a +0 hat (worn)
Potions
 c - a potion of might {unknown}
 d - a potion of berserk rage {unknown}
 e - a potion of ambrosia {unknown}


   Skills:
 - Level 2.1 Fighting
 - Level 1.7 Throwing
 - Level 2.6 Dodging
 + Level 4.2 Unarmed Combat


You had 2 spell levels left.
You didn't know any spells.
Your spell library contained the following spells:

 Spells                   Type           Power      Damage    Failure   Level
 Corona                   Hex            0%         N/A       38%         1
 Ensorcelled Hibernation  Hex/Ice        0%         N/A       52%         2
 Tukima's Dance           Hex            0%         N/A       77%         3


Dungeon Overview and Level Annotations

Branches:
Dungeon (2/15)

Altars:

Annotations:
D:2 Terence


Innate Abilities, Weirdness & Mutations

Your plain brown scales are hard. (AC +5)
You cannot fit into any form of body armour.
You are cold-blooded and may be slowed by cold attacks.


Message History

No target in view!
No target in view!
No target in view!
No target in view!
No target in view!
No target in view!
No target in view!
You feel yourself speed up.
HP restored.
Terence the Incautious comes into view.
He is wielding a +0 mace.
Terence is nearby!
Terence is nearby!
Terence is nearby!
Terence shouts!
Really walk into that dispersal trap?
Okay, then.
Terence hits you but does no damage.
You hit Terence but do no damage.
You tail-slap Terence, but do no damage.
Terence hits you with a +0 mace.
You closely miss Terence. Terence closely misses you.
You barely miss Terence. Terence closely misses you.
You hit Terence but do no damage.
Your tail-slap misses Terence.
Terence hits you but does no damage.
You completely miss Terence. Terence barely misses you.
You barely miss Terence.
Your tail-slap misses Terence.
Terence hits you with a +0 mace.
You hit Terence but do no damage.
Your tail-slap misses Terence.
Terence hits you with a +0 mace.
You hit Terence but do no damage. Terence hits you with a +0 mace.
You closely miss Terence.
Your tail-slap misses Terence.
Terence hits you with a +0 mace.
* * * LOW HITPOINT WARNING * * *
You barely miss Terence. Terence hits you with a +0 mace!
* * * LOW HITPOINT WARNING * * *
Really walk into that dispersal trap?
You enter a dispersal trap!
Terence blinks! x2; You blink.
There is a stone staircase leading up here.
Terence hits you with a +0 mace!
You die...

#.....# #.###.# .. #.#
#.# ... #.# #.# ... #.#
#.# #.# ###.###.# #@#
#.......# #.#
###.###.####.#
#.##.@^....# #.##@#####.#
#######.##.#####.#
.........÷....##.#
..........÷...##.#
..............##.#
..............##.########
........................#
..............###########


You could see Terence.

Vanquished Creatures
  6 ball pythons
  2 bats
  4 endoplasms
  4 hobgoblins
  4 kobolds (D:1)
  A frilled lizard (D:1)
  3 goblins (D:1)
  A rat (D:1)
25 creatures vanquished.

Notes
Turn   | Place    | Note
-------+----------+-------------------------------------------
     0 | D:1      | pkoi the Draconian Gladiator began the quest for the Orb.
     0 | D:1      | Reached XP level 1. HP: 17/17 MP: 1/1
   289 | D:1      | Reached XP level 2. HP: 24/24 MP: 2/2
   549 | D:1      | Reached skill level 4 in Unarmed Combat
   838 | D:2      | Reached XP level 3. HP: 26/29 MP: 3/3
  1046 | D:2      | Noticed Terence
  1067 | D:2      | Slain by Terence

Illustrated notes

Levels and vault maps discovered:
D:1:      onia_arrival_pyramid, layout_basic, minmay_door_square,
          minmay_misc_feat_doors, minmay_pentomino_t4
D:2:      layout_basic, basic_altar, minmay_shallow_snake_nest, uniq_terence,
          uniq_sigmund

Skill      XL: |  1  2 |
---------------+-------+-----
Unarmed Combat | 4 |  4.2
Fighting       | |  2.1
Throwing       | |  1.7
Dodging        | |  2.6

Action                   || total
-------------------------++-------
Melee: Unarmed           ||    77
       Tailslap          ||     9
       Punch             ||     3
 Stab: Sleeping          ||     1
Armor: Skin              ||    25
Dodge: Dodged            ||    50
